Map: Romanticide LE

Players

Gamixux - Winner!

  • Race: Zerg Zerg

Oscii

  • Race: Protoss Protoss

VOD

Have the link to the VOD?

Description

Time

  • Played on: Sept. 22, 2021, 3:23 p.m.
  • Length: 10:37
Show
View Real Time Build Order
Export as new Build Order

Gamixux Zerg - Winner!

Build Orders: Hatch First, Roach Hydra 

Get SALT Encoding   

  12  0:01  Drone  
  13  0:14  Overlord  
  13  0:18  Drone  
  14  0:33  Drone  
  14  0:35  Drone  
  16  0:48  Drone  
  17  1:01  Hatchery  
  17  1:02  Drone x2  
  18  1:10  Extractor  
  17  1:16  Drone  
  18  1:27  Drone  
  19  1:36  Spawning Pool  
  18  1:40  Drone  
  18  1:45  Drone  
  20  1:54  Drone  
  21  2:04  Drone  
  21  2:05  Extractor  
  21  2:13  Overlord  
  21  2:22  Drone  
  22  2:30  Metabolic Boost  
  22  2:32  Queen, Evolution Chamber  
  23  2:37  Queen  
  23  2:38  Drone x2  
  27  2:45  Drone x2  
  27  2:50  Drone  
  30  2:58  Drone x2  
  32  3:17  Drone  
  32  3:18  Drone x2  
  35  3:30  Roach Warren  
  35  3:33  Zergling x2  
  35  3:34  Zergling x2  
  35  3:35  Overlord  
  35  3:40  Zerg Missile Weapons Level 1  
  36  3:58  Drone  
  36  3:59  Drone x3  
  40  4:10  Drone x3  
  40  4:11  Drone  
  40  4:12  Overlord  
  44  4:32  Roach x4  
  44  4:33  Overlord  
  44  4:34  Overlord  
  52  4:41  Extractor  
  51  4:46  Extractor  
  51  4:51  Lair  
  50  4:54  Roach x2  
  50  4:55  Roach x4  
  62  5:12  Drone x4  
  62  5:13  Drone x2  
  68  5:30  Overlord x2  
  68  5:46  Overlord x3  
  68  5:47  Overlord  
  68  5:53  Hatchery  
  67  6:03  Drone x2  
  69  6:06  Glial Reconstitution  
  69  6:14  Hydralisk Den  
  69  6:16  Roach x2  
  72  6:51  Hatchery  
  71  6:54  Spire  
  71  6:55  Hydralisk  
  71  6:56  Hydralisk x7  
  71  6:59  Grooved Spines  
  86  7:08  Zerg Missile Weapons Level 2  
  86  7:11  Evolution Chamber  
  86  7:12  Hydralisk x3  
  86  7:13  Hydralisk x2  
  86  7:15  Roach x2  
  99  7:27  Roach, Hydralisk  
  99  7:28  Roach x2, Hydralisk  
  109  7:34  Ravager x2  
  111  7:37  Ravager  
  112  7:47  Drone x2  
  112  7:48  Overlord x3  
  114  8:10  Muscular Augments  
  114  8:11  Hydralisk x2  
  120  8:12  Roach  
  120  8:13  Roach x6  
  120  8:16  Drone  
  133  8:35  Hydralisk x2  
  133  8:36  Hydralisk x2  
  133  8:37  Roach  
  133  8:39  Overlord x2  
  133  8:41  Overlord  
  143  8:44  Drone  
  144  9:01  Hydralisk  
  144  9:02  Hydralisk x2  
  148  9:03  Roach x2  
  148  9:04  Roach  
  148  9:06  Drone x2  
  148  9:07  Drone  
  159  9:12  Overlord  
  159  9:13  Drone  
  160  9:22  Drone x5  
  160  9:23  Drone  
  166  9:29  Extractor  
  166  9:30  Hydralisk  
  167  9:31  Overlord  
  167  9:33  Overlord  
  137  10:09  Hydralisk x3  
  137  10:10  Hydralisk  
  137  10:11  Roach x4, Hydralisk x3  
Show
View Real Time Build Order
Export as new Build Order

Oscii Protoss 

Build Orders: 1 Gate Expand 

Get SALT Encoding   

  12  0:01  Probe  
  13  0:15  Pylon  
  13  0:18  Probe  
  14  0:30  Probe  
  15  0:43  Probe  
  16  0:52  Gateway  
  16  0:55  Probe  
  17  1:00  Assimilator  
  17  1:12  Probe  
  18  1:24  Probe  
  19  1:37  Probe  
  20  1:43  Nexus  
  20  1:52  Probe  
  21  2:03  Cybernetics Core  
  21  2:04  Probe  
  22  2:16  Probe  
  23  2:23  Pylon  
  23  2:41  Probe  
  24  2:48  Pylon  
  24  2:51  Pylon  
  24  2:52  Assimilator  
  24  2:53  Probe  
  24  2:55  Probe  
  26  3:05  Probe  
  27  3:07  Probe  
  28  3:17  Probe  
  28  3:19  Probe  
  30  3:30  Stalker  
  30  3:32  Probe x2  
  34  3:44  Probe x2  
  36  3:56  Probe x2  
  36  3:59  Stalker  
  40  4:08  Probe x2  
  42  4:20  Probe x2  
  44  4:27  Pylon  
  44  4:29  Stalker  
  46  4:32  Probe x2  
  48  4:55  Assimilator  
  48  4:59  Stalker  
  50  5:07  Probe x2  
  50  5:11  Nexus  
  52  5:19  Gateway, Probe x2  
  52  5:21  Gateway  
  54  5:29  Stalker  
  54  5:31  Probe x2  
  58  5:51  Probe x2  
  60  5:59  Stalker  
  60  6:03  Probe x2  
  64  6:14  Stalker x2  
  64  6:15  Probe x2  
  70  6:27  Probe  
  70  6:28  Probe  
  70  6:29  Stalker  
  70  6:30  Assimilator  
  74  6:44  Stalker x2  
  78  6:51  Probe x3  
  81  6:59  Stalker  
  83  7:03  Probe x2  
  83  7:08  Forge  
  85  7:15  Pylon  
  85  7:19  Pylon  
  85  7:31  Gateway  
  85  7:32  Gateway  
  85  7:33  Stalker x3, Probe x2  
  85  7:34  Gateway  
  94  7:37  Probe  
  94  7:41  Pylon  
  94  7:43  Gateway  
  94  7:44  Pylon  
  94  7:45  Probe x2  
  94  7:47  Gateway  
  94  7:49  Probe  
  97  8:03  Stalker x3  
  103  8:07  Nexus  
  103  8:15  Probe x3  
  103  8:16  Assimilator  
  103  8:18  Assimilator  
  106  8:25  Stalker x2  
  106  8:26  Stalker  
  112  8:27  Probe x3  
  112  8:33  Stalker  
  117  8:43  Pylon  
  117  8:45  Pylon  
  117  9:01  Stalker x3, Probe x2  
  125  9:03  Stalker, Probe  
  125  9:08  Pylon  
  128  9:12  Pylon, Stalker x2  
  128  9:15  Probe  
  133  9:19  Stalker x2  
  137  9:31  Stalker x3  
  143  9:33  Stalker  
  143  9:37  Probe x3  
  149  9:42  Stalker x2  
  150  9:48  Stalker x2  
  150  9:52  Probe  
  148  9:58  Probe x2  
  120  10:01  Stalker x3  
  120  10:04  Probe  
  120  10:06  Stalker  
  104  10:10  Probe x2  
  99  10:16  Probe  
Tags
 
Add a new tag
Caveats
  • Supply blocks, unpowered buildings, or Contaminate may cause inaccurate times.
  • Supply counts are checked every 10 seconds.